 Dungeon Crawl Stone Soup version 0.28-a0-881-gae16bb6c82 (webtiles) character file.

Game seed: 9316441838795395794

3738 Peloso the Carver (level 9, 0/79 HPs)
             Began as a Minotaur Fighter on Nov 21, 2021.
             Was a Priest of Okawaru.
             Slain by Gastronok (28 damage)
             ... on level 9 of the Dungeon.
             The game lasted 00:14:30 (8620 turns).

Peloso the Carver (Minotaur Fighter)                Turns: 8620, Time: 00:14:31

Health: 0/79       AC: 14    Str: 22    XL:     9   Next: 93%
Magic:  7/8        EV:  7    Int:  5    God:    Okawaru [***...]
Gold:   651        SH:  5    Dex: 12    Spells: 8/8 levels left

rFire   . . .      SeeInvis .   a - +11 falchion "Gram" {vorpal, rElec}
rCold   . . .      Faith    .   c - +0 buckler
rNeg    . . .      Spirit   .   g - +0 plate armour
rPois   +          Reflect  .   (helmet restricted)
rElec   +          Harm     .   (no cloak)
rCorr   .          Rampage  .   (no gloves)
Will    .....                   (no boots)
Stlth   ..........              (no amulet)
HPRegen 0.23/turn               f - ring of poison resistance
MPRegen 0.11/turn               (no ring)

@: slowed, very slow
A: horns 2, retaliatory headbutt
a: Renounce Religion, Heroism


You were on level 9 of the Dungeon.
You worshipped Okawaru.
Okawaru was most pleased with you.
You visited 2 branches of the dungeon, and saw 10 of its levels.
You also visited: Sewer.

You collected 651 gold pieces.

Inventory:

Hand Weapons
 a - the +11 falchion "Gram" (weapon) {vorpal, rElec}
   (You found it in a sewer)

   It inflicts extra damage upon your enemies.
   rElec:     It insulates you from electricity.
 b - a +1 dagger of flaming
Armour
 c - a +0 buckler (worn)
 e - a +0 scale mail
 g - a +0 plate armour (worn)
 A - +0 acid dragon scales
Jewellery
 f - a ring of poison resistance (left hand)
 u - a ring of protection from cold
 B - a ring of see invisible
Wands
 z - a wand of iceblast (6)
Scrolls
 h - 4 scrolls of teleportation
 i - 3 scrolls of noise {unknown}
 j - a scroll of vulnerability {unknown}
 l - a scroll of magic mapping
 m - a scroll of immolation {unknown}
 o - a scroll of silence {unknown}
 q - 4 scrolls of enchant armour {unknown}
 r - 2 scrolls of identify
 t - a scroll of amnesia {unknown}
 x - a scroll of fear {unknown}
 y - a scroll of blinking {unknown}
 C - a scroll of fog
Potions
 d - 4 potions of might
 k - 2 potions of curing
 n - a potion of heal wounds {unknown}
 p - a potion of mutation {unknown}
 s - a potion of brilliance {unknown}
 v - 2 potions of degeneration {unknown}
 w - a potion of flight {unknown}


   Skills:
 + Level 7.2 Fighting
 + Level 11.2 Long Blades
 + Level 9.7 Armour
 + Level 1.7 Dodging
 + Level 1.6 Stealth
 + Level 7.2 Shields
 + Level 0.3 Evocations


You had 8 spell levels left.
You didn't know any spells.
Your spell library contained the following spells:

 Spells                   Type           Power      Damage    Failure   Level
 Sting                    Tmut/Pois      0%         1d3       100%        1
 Passwall                 Tmut/Erth      0%         N/A       100%        2
 Poisonous Vapours        Pois/Air       0%         N/A       100%        2
 Ozocubu's Armour         Ice            0%         N/A       100%        3
 Swiftness                Air            0%         N/A       100%        3
 Olgreb's Toxic Radiance  Pois           0%         N/A       100%        4
 Metabolic Englaciation   Hex/Ice        0%         N/A       100%        5
 Simulacrum               Ice/Necr       Unusable   N/A       N/A         6

Dungeon Overview and Level Annotations

Branches:
Dungeon (9/15)             Temple (1/1) D:6           Sewer (visited)
   Lair: D:8-11         Orc: D:9-12

Altars:
Ashenzari
Cheibriados
Elyvilon
Fedhas
Hepliaklqana
Kikubaaqudgha
Makhleb
Nemelex Xobeh
Okawaru
Qazlal
Ru
Sif Muna
Trog
Uskayaw
Vehumet
Wu Jian
Xom
Yredelemnul
Zin
The Shining One

Shops:
D:1 (

Portals:
Bailey: D:9

Annotations:
D:9 Gastronok


Innate Abilities, Weirdness & Mutations

You have a pair of horns on your head.
You reflexively headbutt those who attack you in melee.


Message History

You feel yourself speed up.
You gain the combat prowess of a mighty hero.
Gastronok chants a spell, wobbling all the while.
Your legs wobble like jelly.
You hit Gastronok. You headbutt Gastronok.
Gastronok is lightly wounded.
You slash Gastronok!
Gastronok is lightly wounded.
Gastronok gurgles.
Gastronok looks at you while chanting.
You feel yourself slow down.
You hit Gastronok. You headbutt Gastronok.
Gastronok is moderately wounded.
You barely miss Gastronok.
Gastronok is moderately wounded.
Gastronok bites you!
You hit Gastronok.
Gastronok is moderately wounded.
You completely miss Gastronok.
Gastronok is moderately wounded.
You hit Gastronok. You headbutt Gastronok.
Gastronok is moderately wounded.
Gastronok bites you!!
You slash Gastronok! Your headbutt misses Gastronok.
Gastronok is heavily wounded.
You slash Gastronok! You headbutt Gastronok!
Gastronok is heavily wounded.
You feel like a meek peon again. Gastronok bites you.
You slash Gastronok!
Gastronok is severely wounded.
You slash Gastronok! You headbutt Gastronok.
Gastronok is severely wounded.
Gastronok bites you.
You slash Gastronok! Your headbutt misses Gastronok.
Gastronok is almost dead.
You hit Gastronok but do no damage.
Gastronok is almost dead.
Gastronok bites you!!
You die...

.>######## P
........# PP
#####.#..#.# ..
...$.......# ##.
##.≈≈≈≈≈..# #...
#..≈...≈..#
...#..###..≈.∩.((.#
##........≈.>.≈(.#
#.....w@#.≈≈≈≈≈.(#
#.......#.......$#
#.......######.#.#
#......### #.#.#
#!..... #.#.#
#...... #.#.#
#...... #.#.####
##.## #....(.#
###.##.#


You could see Gastronok.

Vanquished Creatures
  A two-headed ogre (D:8)
  Maurice (D:8)
  2 hornets
  2 vampire mosquitoes (D:7)
  2 acid dragons
  A water moccasin (Sewer)
  An orc warrior (D:8)
  2 black bears (D:6)
  2 ogres
  A centaur (D:7)
  2 kobold brigands
  A bullfrog (D:7)
  A scorpion (D:7)
  A water moccasin skeleton (D:5)
  5 wights (D:8)
  4 centaur zombies
  A hound (D:5)
  5 orc priests
  A gnoll shaman (D:6)
  A bullfrog skeleton (D:5)
  2 iguanas
  3 orc wizards
  2 killer bee zombies
  A hound skeleton (D:5)
  6 gnolls (D:6)
  A howler monkey zombie (D:6)
  2 adders
  A white imp (D:6)
  4 worms
  4 dart slugs
  34 orcs
  7 ball pythons
  5 endoplasms
  4 hobgoblins
  5 jackals
  23 kobolds
  4 quokkas
  6 bats
  A frilled lizard (D:1)
  8 goblins
  3 rats
163 creatures vanquished.

Notes
Turn   | Place    | Note
-------+----------+-------------------------------------------
     0 | D:1      | Peloso the Minotaur Fighter began the quest for the Orb.
     0 | D:1      | Reached XP level 1. HP: 19/19 MP: 0/0
   423 | D:1      | Found Ynute's Antique Weapon Shoppe.
   426 | D:1      | Reached XP level 2. HP: 26/27 MP: 1/1
  1060 | D:2      | Found a radiant altar of Vehumet.
  1069 | D:2      | Reached XP level 3. HP: 31/33 MP: 2/2
  2079 | D:3      | Found a glowing drain.
  2099 | D:3      | Reached skill level 3 in Long Blades
  2110 | Sewer    | Entered a sewer
  2187 | Sewer    | Noticed a water moccasin
  2192 | Sewer    | Killed a water moccasin
  2193 | Sewer    | Reached skill level 4 in Long Blades
  2193 | Sewer    | Reached skill level 5 in Armour
  2193 | Sewer    | Reached XP level 4. HP: 41/41 MP: 3/3
  2193 | Sewer    | Reached XP level 5. HP: 47/47 MP: 4/4
  2197 | Sewer    | Identified the +11 falchion "Gram" {vorpal, rElec}
  2712 | D:4      | Reached skill level 5 in Long Blades
  2712 | D:4      | Reached XP level 6. HP: 53/53 MP: 5/5
  3349 | D:5      | Entered Level 5 of the Dungeon
  3464 | D:5      | Reached skill level 6 in Long Blades
  3517 | D:5      | Reached XP level 7. HP: 60/60 MP: 6/6
  3533 | D:5      | Reached skill level 5 in Shields
  3540 | D:5      | Reached skill level 5 in Fighting
  3793 | D:5      | Found a hide-covered altar of Uskayaw.
  3812 | D:5      | Noticed a hornet
  3821 | D:5      | Paralysed by a hornet for 1 turns
  3822 | D:5      | Killed a hornet
  3823 | D:5      | Reached skill level 7 in Long Blades
  3823 | D:5      | Reached skill level 1 in Stealth
  4508 | D:5      | Reached XP level 8. HP: 69/69 MP: 7/7
  4734 | D:6      | Found a staircase to the Ecumenical Temple.
  4743 | Temple   | Entered the Ecumenical Temple
  4832 | Temple   | Became a worshipper of Warmaster Okawaru
  4882 | D:6      | Reached skill level 8 in Long Blades
  5251 | D:6      | Reached skill level 1 in Dodging
  6187 | D:7      | Reached skill level 9 in Long Blades
  6314 | D:7      | Identified the +6 hand axe of Bowaal {venom, Str+5}
  6402 | D:7      | Reached * piety under Okawaru
  6722 | D:7      | Reached XP level 9. HP: 68/75 MP: 8/8
  6865 | D:8      | Noticed a two-headed ogre
  6876 | D:8      | Killed a two-headed ogre
  6876 | D:8      | Reached ** piety under Okawaru
  6877 | D:8      | Reached skill level 10 in Long Blades
  7398 | D:8      | Identified the +7 whip "Suhahat" {vorpal, rCorr Dex+3}
  8425 | D:8      | Noticed Maurice
  8441 | D:8      | Killed Maurice
  8442 | D:8      | Reached skill level 11 in Long Blades
  8568 | D:9      | Found a flagged portal.
  8594 | D:9      | Noticed Gastronok
  8595 | D:9      | Reached *** piety under Okawaru
  8620 | D:9      | Slain by Gastronok

Illustrated notes

Levels and vault maps discovered:
D:1:      psy_arrival_basics, layout_loops_corners, serial_shops,
          nicolae_shop_advertising_works [nicolae_subvault_shop_adworks]
D:2:      layout_basic, basic_altar
D:3:      layout_loops_ring, portal_sewer_entry_b
D:4:      layout_basic, item_on_display_a
D:5:      layout_basic, mainiacjoe_overflow_alcove_2, minmay_tree_intersection
D:6:      layout_basic, minmay_temple_entry_statues, eino_curves_02,
          hex_intersection
D:7:      layout_basic
D:8:      layout_basic, dk_noncrumbling_2, uniq_maurice
D:9:      minmay_the_grid_square_5x5_4x4 [minmay_the_grid_square_5x5_percent,
          minmay_the_grid_square_5x5_inner_i,
          minmay_the_grid_square_5x5_eight_small,
          minmay_the_grid_square_5x5_empty, minmay_the_grid_square_5x5_meh,
          minmay_the_grid_square_5x5_prize_gold,
          minmay_the_grid_square_5x5_prize_monsterx,
          minmay_the_grid_square_5x5_minimal,
          minmay_the_grid_square_5x5_six_small,
          minmay_the_grid_square_5x5_prize_open,
          minmay_the_grid_square_5x5_prize_itemx,
          minmay_the_grid_square_5x5_shrine2,
          minmay_the_grid_square_5x5_minibox, minmay_the_grid_square_5x5_z,
          minmay_the_grid_square_5x5_longway, minmay_the_grid_square_5x5_comb],
          layout_basic, dpeg_oklobed_lair, enter_bailey_5, uniq_gastronok,
          uniq_erica
Temple:   regret_index_temple_sigil_plot

Skill      XL: |  1  2  3  4  5  6  7  8  9 |
---------------+----------------------------+-----
Fighting       | 4 5 6 7 |  7.2
Armour         | 4 5 6 8 9 |  9.7
Shields        | 4 5 6 7 |  7.2
Long Blades    | 4 5 6 7 9 11 | 11.2
Stealth        | 1 |  1.6
Dodging        | 1 |  1.7
Evocations     | |  0.3

Action                   |  1- 3 |  4- 6 |  7- 9 || total
-------------------------+-------+-------+-------++-------
Melee: Long sword        |    90 |       |       ||    90
       Headbutt          |    16 |     9 |    41 ||    66
       Falchion          |       |    68 |   201 ||   269
Invok: Heroism           |       |       |     1 ||     1
Evoke: Wand              |       |       |     4 ||     4
  Use: Scroll            |     2 |     2 |       ||     4
Armor: Scale mail        |    28 |       |       ||    28
       Plate armour      |    55 |    26 |   107 ||   188
Dodge: Dodged            |    38 |    14 |    64 ||   116
Block: Buckler           |    18 |    12 |    37 ||    67

Table legend: (Time is in decaauts)
 A = Elapsed time spent in this place.
 B = Non-inter-level travel time spent in this place.
 C = Inter-level travel time spent in this place.
 D = Time resting spent in this place.
 E = Time spent auto-exploring this place.
 F = Levels seen in this place.
 G = Mean time per level.
                   A        B        C        D        E       F      G
               +--------+--------+--------+--------+--------+-----+--------+
         Total |   8639 |   8238 |    401 |    193 |   6605 |  11 |  785.4 |
       Dungeon |   8384 |   7983 |    401 |    193 |   6463 |   9 |  931.6 |
        Temple |    104 |    104 |      0 |      0 |     70 |   1 |  104.0 |
         Sewer |    150 |    150 |      0 |      0 |     72 |   1 |  150.0 |
               +--------+--------+--------+--------+--------+-----+--------+

Top non-repeatable levels by time:
     D:8: 1647 daAuts
     D:6: 1377 daAuts
     D:5: 1249 daAuts
     D:1: 1050 daAuts
     D:2: 931 daAuts
     D:7: 775 daAuts
     D:4: 652 daAuts
     D:3: 608 daAuts
   Sewer: 150 daAuts
  Temple: 104 daAuts
     D:9: 92 daAuts
